wizbiz, neutral female human Wizard ------ |....| |..<..# |....|# |....|# .....|# ------# # i # @ # # # # # ---.--------- | ###|............ .....| #[...........| ----- |..*........| |...........| ------------- wizbiz the Conjurer Experience level: 4 Strength: 8 Dexterity: 12 Constitution: 15 Intelligence: 18 Wisdom: 16 Charisma: 9 Health: 0(29) Energy: 49(52) Def: 7 Gold: 408 Moves: 2317 Dungeon seed: zaE13NAz6JPM9HNW Game ID: wizbiz_1528584628 Your Inventory: Coins $ - 408 gold pieces Weapons a - a blessed +3 quarterstaff (weapon in hands) w - a +0 dagger x - 3 +0 orcish daggers C - 4 cursed -1 darts X - a +0 sling Armor e - an uncursed +0 cloak of magic resistance (being worn) q - an uncursed +0 studded leather armor (being worn) y - an uncursed +0 helmet (being worn) F - an uncursed +0 pair of high boots (being worn) Scrolls i - 2 uncursed scrolls of remove curse o - an uncursed scroll of teleportation Spellbooks k - a blessed spellbook of force bolt l - an uncursed spellbook of knock I - an uncursed spellbook of light Potions g - an uncursed potion of invisibility h - 2 uncursed potions of water s - an uncursed potion of speed Rings c - an uncursed ring of polymorph d - an uncursed ring of poison resistance n - an uncursed ring of levitation Wands b - a wand of magic missile (0:5) A - a wand of magic missile (0:4) D - a wand of slow monster (0:4) E - a wand of striking (0:4) Tools m - an uncursed blindfold u - an uncursed tin whistle v - an uncursed tin opener B - an uncursed tin whistle Gems r - 2 uncursed worthless pieces of red glass N - an uncursed worthless piece of violet glass Y - an uncursed amethyst stone Spells and supernatural/magical abilities: Name Level Category Fail Memory a - force bolt 1 attack 0% 89% k - knock 1 matter 0% 89% l - light 1 divination 0% 98% W - pray for help -- divine ? -- Your skills at the end: Fighting Skills Weapon Skills quarterstaff [Basic] Spellcasting Skills attack spells [Basic] enchantment spells [Basic] Final Attributes: You were piously aligned. You were magic-protected. You are dead. Vanquished creatures: 2 shriekers an elf zombie 3 hill orcs a wererat 2 hobbits 7 manes a large kobold a hobgoblin 6 giant rats a gnome 2 geckos 3 goblins 6 sewer rats 3 grid bugs 5 lichens 5 newts 49 creatures vanquished. Voluntary challenges: You had been an atheist until turn 2203. You used a wielded weapon 45 times, starting on turn 121. You read items or engraved 7 times, starting on turn 1729. You never genocided any monsters. You never polymorphed an object. You never changed form. You used no wishes. You never split a pudding. You never wrote Elbereth's name. You never violated your personal moral code. Dungeon overview: The Dungeons of Doom: levels 1 to 5 Level 1 a long staircase Level 2 a fountain stairs to The Gnomish Mines Level 3 Level 4 a scroll shop Level 5 <- You were here The Gnomish Mines: Level 3 stairs to The Dungeons of Doom History has recorded: On T:1 you entered the Dungeons of Doom to retrieve the Amulet of Yendor! On T:220 you reached level 2 of The Dungeons of Doom. On T:413 you reached level 1 of The Gnomish Mines. On T:564 you advanced to experience level 2. On T:603 you reached level 3 of The Dungeons of Doom. On T:891 you reached level 4 of The Dungeons of Doom. On T:893 you advanced to experience level 3. On T:1314 you advanced to experience level 4. On T:1585 you reached level 5 of The Dungeons of Doom. Score breakdown: Gold: 408 ( 8884 points) Experience: 4 levels ( 9649 points) Exploration: 5 levels ( 10.20%) ( 8660 points) Discoveries: 20 items ( 6.94%) ( 7905 points) Valuables value: (no points given unless you survive) Artifact value: 0 ( 0 points) Variety of kills: 16 monsters ( 4.20%) ( 6147 points) Turncount: 2317 turns ( -218 points) Survival: died (score multiplied by 80%) Total score: 32821 Latest messages: You miss the manes. The kitten misses the manes. The manes hits! (2x) The manes bites! You hit the manes! The kitten bites the manes. The manes is destroyed! The manes misses. (2x) The manes bites! You miss the manes. You destroy the manes! The manes just misses! (2x) The manes misses. You destroy the manes! The manes misses. The manes hits! The manes bites! You miss the manes. You destroy the manes! You miss the manes. The manes hits! (2x) The manes bites! You destroy the manes! The manes hits! (2x) The manes bites! You die... Final status: Goodbye wizbiz the Wizard, killed by a manes... You died in The Dungeons of Doom on dungeon level 5 with 32821 points, and 408 pieces of gold, after 2317 moves. You were level 4 with a maximum of 29 hit points when you died.